Map: Ruins of Endion

Players

Pokebunny - Winner!

  • Race: Terran Terran
  • League: Grandmaster

DakkoN

  • Race: Zerg Zerg
  • League: Master

VOD

Have the link to the VOD?

Description

Time

  • Played on: April 6, 2016, 5:01 p.m.
  • Length: 5:27
Show
View Real Time Build Order
Export as new Build Order

Pokebunny Terran - Winner!

Build Orders: Reaper Expand 

Get SALT Encoding   

  12  0:00  SCV  
  13  0:13  SCV  
  14  0:18  Supply Depot  
  14  0:25  SCV  
  15  0:39  SCV  
  15  0:41  Barracks  
  16  0:45  Refinery  
  16  0:51  SCV  
  17  1:04  SCV  
  18  1:16  SCV  
  19  1:28  Reaper, Orbital Command  
  20  1:41  Command Center  
  20  1:53  SCV  
  21  2:01  Barracks Reactor, Supply Depot  
  21  2:09  Barracks, SCV  
  22  2:16  Barracks  
  22  2:21  SCV  
  23  2:26  Refinery  
  23  2:33  SCV  
  24  2:40  Marine x2  
  26  2:48  SCV  
  27  2:54  Orbital Command  
  27  2:56  Barracks Tech Lab, Factory  
  27  3:01  SCV  
  27  3:02  Marine  
  29  3:06  Marine  
  29  3:08  Marine  
  31  3:15  Stimpack  
  31  3:18  Marine  
  31  3:27  Marine x3  
  31  3:30  SCV  
  31  3:31  SCV  
  36  3:37  Supply Depot  
  36  3:42  Factory Reactor  
  36  3:43  Starport  
  36  3:45  SCV  
  36  3:46  SCV  
  38  3:49  Marine x2  
  38  3:51  Marine  
  38  3:54  Marine  
  42  3:57  SCV  
  42  3:59  SCV  
  44  4:04  Supply Depot  
  44  4:07  Marine  
  45  4:15  Engineering Bay, SCV x2  
  47  4:23  Marine x3  
  50  4:25  Factory Tech Lab  
  50  4:26  Medivac  
  50  4:28  Medivac  
  54  4:32  Supply Depot  
  54  4:33  SCV  
  54  4:34  SCV  
  56  4:43  Supply Depot  
  56  4:47  Refinery  
  56  4:48  Barracks Reactor, Marine x2  
  56  4:49  Marine  
  62  5:07  SCV  
  62  5:08  SCV  
  62  5:09  Supply Depot  
  62  5:13  Barracks  
  64  5:15  Barracks  
Show
View Real Time Build Order
Export as new Build Order

DakkoN Zerg 

Build Orders: Hatch First 

Get SALT Encoding   

  12  0:02  Drone  
  13  0:09  Drone  
  14  0:18  Overlord  
  14  0:36  Drone x2  
  14  0:37  Drone  
  17  0:52  Hatchery  
  17  0:55  Drone  
  17  1:01  Extractor  
  16  1:11  Spawning Pool  
  16  1:14  Drone  
  16  1:18  Drone  
  17  1:26  Drone  
  17  1:31  Drone  
  19  1:41  Overlord  
  19  1:58  Queen  
  19  1:59  Zergling x2  
  22  2:01  Metabolic Boost  
  22  2:04  Queen  
  24  2:12  Zergling x2  
  24  2:15  Drone x2  
  26  2:17  Drone  
  28  2:30  Drone x2  
  28  2:35  Drone  
  31  2:39  Overlord  
  31  2:48  Queen  
  31  2:51  Overlord  
  33  2:56  Queen  
  35  3:01  Drone x2  
  35  3:02  Drone  
  38  3:08  Drone x3  
  40  3:26  Hatchery  
  38  3:30  Drone  
  38  3:31  Zergling x4  
  38  3:32  Drone x2  
  38  3:33  Drone  
  44  3:35  Extractor  
  44  3:37  Extractor  
  42  3:44  Drone x4, Extractor  
  45  3:52  Drone x2  
  47  4:05  Lair  
  47  4:07  Drone x4  
  51  4:10  Overlord  
  51  4:18  Overlord  
  51  4:35  Drone x2  
  51  4:36  Drone  
  54  4:40  Drone  
  54  4:41  Drone x5  
  60  4:48  Drone x2  
  62  4:53  Drone x4  
  62  4:58  Drone  
  67  5:02  Drone  
  67  5:03  Drone  
  67  5:04  Extractor  
  67  5:05  Extractor  
  67  5:09  Drone x3  
  67  5:12  Spire  
  67  5:13  Drone  
  67  5:14  Baneling Nest  
Tags
 
Add a new tag
Caveats
  • Supply blocks, unpowered buildings, or Contaminate may cause inaccurate times.
  • Supply counts are checked every 10 seconds.